 Dungeon Crawl Stone Soup version 0.26-a0-1181-gd376ed14c5 (webtiles) character file.

Game seed: 15887904166351164615

14036 Azzok the Cleaver (level 11, -5/135 HPs)
             Began as a Demonspawn Berserker on Dec 26, 2020.
             Was the Champion of Trog.
             Killed by refrigeration
             ... invoked by Fannar
              (16 damage)
             ... on level 12 of the Dungeon.
             The game lasted 00:16:50 (12529 turns).

Azzok the Cleaver (Demonspawn Berserker)           Turns: 12529, Time: 00:16:50

Health: -5/135     AC: 17    Str: 21    XL:     11   Next: 83%
Magic:  11/11      EV: 12    Int: 11    God:    Trog [******]
Gold:   170        SH:  8    Dex: 13    Spells: 10/10 levels left

rFire    . . .     SeeInvis .   J - +1 battleaxe (vorpal)
rCold    . . .     Faith    .   (shield currently unavailable)
rNeg     . . .     Spirit   .   j - +0 plate armour {rPois}
rPois    +         Reflect  .   c - +2 helmet {Int+3}
rElec    .         Harm     .   D - +0 cloak
rCorr    .         Rampage  .   b - +0 pair of gloves {archery}
Will     +....                  (no boots)
Stlth    ..........             (no amulet)
HPRegen  0.32/turn              n - +4 ring of evasion
MPRegen  0.12/turn              A - ring of willpower

@: mighty, berserking, very quick
A: talons 2, large bone plates 3, powered by pain 1
a: Renounce Religion, Berserk, Trog's Hand, Brothers in Arms


You were on level 12 of the Dungeon.
You worshipped Trog.
Trog was exalted by your worship.
You visited 1 branch of the dungeon, and saw 12 of its levels.
You also visited: Ossuary and Bailey.

You collected 679 gold pieces.
You spent 509 gold pieces at shops.

Inventory:

Hand Weapons
 J - a +1 vorpal battleaxe (weapon)
Armour
 b - a +0 pair of gloves of archery (worn)
 c - a +2 helmet of intelligence (worn)
 j - a +0 plate armour of poison resistance (worn)
 D - a +0 cloak (worn)
Jewellery
 n - a +4 ring of evasion (left hand)
 A - a ring of willpower (right hand)
Wands
 r - a wand of polymorph (7)
 z - a wand of enslavement (4)
 F - a wand of iceblast (11)
 H - a wand of paralysis (8)
Scrolls
 d - a scroll of magic mapping
 g - 3 scrolls of identify
 i - 6 scrolls of remove curse
 m - 5 scrolls of amnesia {unknown}
 o - 2 scrolls of immolation {unknown}
 p - 4 scrolls of fear {unknown}
 q - 6 scrolls of enchant weapon
 t - 3 scrolls of enchant armour {unknown}
 u - a scroll of brand weapon {unknown}
 v - 7 scrolls of teleportation
 y - 3 scrolls of random uselessness {unknown}
 E - a scroll of torment {unknown}
 G - 2 scrolls of fog {unknown}
 I - a scroll of blinking
Potions
 a - 3 potions of haste
 e - 4 potions of curing
 f - a potion of flight
 h - 6 potions of heal wounds
 k - 3 potions of magic
 l - 2 potions of mutation {!q}
 s - a potion of degeneration {unknown}
 w - a potion of ambrosia {unknown}
 x - a potion of experience {unknown}
 B - 4 potions of might
 C - a potion of attraction {unknown}
 K - a potion of berserk rage


   Skills:
 - Level 10.0 Fighting
 + Level 14.2 Axes
 - Level 4.0 Armour
 - Level 4.0 Dodging


You had 10 spell levels left.
You didn't know any spells.
Your spell library was empty.

Dungeon Overview and Level Annotations

Branches:
Dungeon (12/15)            Temple (0/1) D:4            Lair (0/6) D:8
    Orc (0/2) D:10        Ossuary (visited)          Bailey (visited)

Altars:
Ashenzari
Dithmenos
Elyvilon
Fedhas
Kikubaaqudgha
Makhleb
Nemelex Xobeh
Okawaru
Vehumet
Xom

Shops:
D:4 (   D:7 (*   D:10 *   D:11 ?

Portals:
Trove: D:11 (show abyssal rune of Zot)

Annotations:
D:8 3 runed translucent doors, MoonlitKnight's ghost, novice MfGl; vurker's ghost, novice GnEn; zeramoth's ghost, novice MiBe
D:12 Fannar


Innate Abilities, Weirdness & Mutations

You have razor-sharp toenails.
You are completely covered in large bone plates. (SH +8)
You sometimes gain a little power by taking damage.


Message History

The ice beast freezes you!
* * * LOW HITPOINT WARNING * * *
You hit Fannar. Your kick misses Fannar.
Fannar is heavily wounded.
You hit the ice beast.
You kill the ice beast!
You hit the ice beast.
Fannar murmurs some mystic words to themself.
Fannar completely misses you. You block the ice beast's attack.
You miss Fannar. You claw Fannar, but do no damage.
Fannar is heavily wounded.
You hit the ice beast. You slash Fannar!
Fannar is severely wounded.
You slash the ice beast!
You kill the ice beast!
Fannar mumbles some strange words.
Fannar drains the heat from the surrounding environment!
You feel very cold.
You die...

▒·▒▒▒··········▒
▒··O·O)········▒
▒▒▒▒▒··········▒
▒···†······▒
▒▒▒▒)▒▒▒▒▒▒▒
▒·▒▒▒▒ ▒····▒▒
▒▒▒▒·e▒
▒▒▒▒▒▒@▒▒▒▒▒
▒··········▒
▒··········▒
▒··········▒▒▒
▒····>·····'·▒
▒····<·····▒·▒
╬·<········▒·▒
▒··········▒·▒
▒··(·······▒·▒


You could see Fannar (icy armour).

Vanquished Creatures
  Gastronok (D:10)
  Josephine (D:10)
  Snorg (D:10)
  Harold (D:7)
  2 cyclopes
  An elephant (D:8)
  2 gargoyles
  A tengu conjurer (D:12)
  A shadow (D:10)
  A wyvern (D:8)
  7 wraiths (D:10)
  A basilisk (D:8)
  Menkaure (D:6)
  A water moccasin (D:10)
  6 orc warriors
  5 sky beasts
  6 ice beasts
  A black bear (D:8)
  5 ogres
  3 phantoms
  3 centaurs
  2 big kobolds
  7 bullfrogs
  2 elf zombies
  A wyvern zombie (D:6)
  6 scorpions
  2 troll zombies (D:10)
  9 killer bees
  A water moccasin skeleton (D:9)
  A howler monkey (D:4)
  A bullfrog zombie (D:11)
  3 centaur zombies
  3 human zombies
  2 jellies
  3 hounds
  2 bullfrog skeletons
  4 orc priests
  12 orc wizards
  3 centaur skeletons
  A human skeleton (D:4)
  6 iguanas
  Terence (D:3)
  6 worker ants
  4 big kobold zombies (Ossuary)
  6 ogre zombies (D:10)
  3 hound zombies
  A hound skeleton (D:11)
  3 mummies (Ossuary)
  A worker ant zombie (D:8)
  3 gnolls (D:4)
  9 adders
  2 shadow imps
  An ufetubus (D:9)
  3 oozes
  4 adder zombies (Ossuary)
  An adder skeleton (D:4)
  2 worms
  2 dart slugs
  5 leopard geckos
  42 orcs
  3 ball pythons (D:1)
  9 bats
  7 giant cockroaches
  2 gnoll zombies (Ossuary)
  4 goblins
  10 hobgoblins
  15 jackals
  6 quokkas
  6 frilled lizards
  A goblin skeleton (D:10)
  6 goblin zombies
  6 hobgoblin zombies
  2 jackal zombies (Ossuary)
  24 kobolds
  4 kobold zombies (Ossuary)
  3 orc skeletons
  20 orc zombies
  3 quokka zombies (Ossuary)
  8 rats
  4 rat zombies (Ossuary)
364 creatures vanquished.

Vanquished Creatures (others)
  8 fungi (D:10)
  2 plants
10 creatures vanquished.

Grand Total: 374 creatures vanquished

Notes
Turn   | Place    | Note
-------+----------+-------------------------------------------
     0 | D:1      | Azzok the Demonspawn Berserker began the quest for the Orb.
     0 | D:1      | Reached XP level 1. HP: 18/18 MP: 1/1
   187 | D:1      | Gained mutation: You have sharp toenails. [demonic
                  | ancestry]
   187 | D:1      | Reached XP level 2. HP: 24/24 MP: 2/2
   559 | D:1      | Reached skill level 3 in Axes
   749 | D:1      | Gained mutation: You are partially covered in large bone
                  | plates. (SH +4) [demonic ancestry]
   749 | D:1      | Reached XP level 3. HP: 29/29 MP: 3/3
   860 | D:1      | Reached ** piety under Trog
  2050 | D:3      | Reached XP level 4. HP: 35/35 MP: 4/4
  2521 | D:3      | Found a broken altar of Ashenzari.
  2616 | D:3      | Found a faded altar of an unknown god.
  2849 | D:3      | Noticed Terence
  2860 | D:3      | Killed Terence
  2861 | D:3      | Gained mutation: You sometimes gain a little power by
                  | taking damage. [demonic ancestry]
  2861 | D:3      | Reached XP level 5. HP: 33/42 MP: 5/5
  3179 | D:4      | Found a staircase to the Ecumenical Temple.
  3222 | D:4      | Found a sand-covered staircase.
  3231 | D:4      | Gained mutation: You are mostly covered in large bone
                  | plates. (SH +6) [demonic ancestry]
  3231 | D:4      | Reached XP level 6. HP: 23/48 MP: 6/6
  3292 | Ossuary  | Entered an ossuary
  3436 | Ossuary  | Reached *** piety under Trog
  3446 | Ossuary  | Reached skill level 4 in Axes
  3648 | Ossuary  | Gained mutation: You have razor-sharp toenails. [demonic
                  | ancestry]
  3648 | Ossuary  | Reached XP level 7. HP: 43/55 MP: 7/7
  3888 | D:4      | Reached skill level 5 in Fighting
  4023 | D:4      | Reached skill level 5 in Axes
  4116 | D:4      | Reached **** piety under Trog
  4454 | D:4      | Found Bapnianlo's Antique Weapon Shop.
  4462 | D:4      | Bought a glowing war axe for 162 gold pieces
  4583 | D:4      | Reached XP level 8. HP: 64/64 MP: 8/8
  4802 | D:3      | Found an iron altar of Okawaru.
  4826 | D:5      | Entered Level 5 of the Dungeon
  5106 | D:5      | Reached skill level 6 in Axes
  5949 | D:6      | Noticed Menkaure
  5953 | D:6      | Killed Menkaure
  6073 | D:6      | Found an ancient bone altar of Kikubaaqudgha.
  6073 | D:6      | Found a shadowy altar of Dithmenos.
  6074 | D:6      | Found a sparkling altar of Nemelex Xobeh.
  6219 | D:6      | Reached skill level 7 in Axes
  6722 | D:7      | Reached XP level 9. HP: 74/74 MP: 9/9
  6735 | D:7      | Found a blossoming altar of Fedhas.
  6806 | D:7      | Found Sogolueq's Antique Weapon Shop.
  6848 | D:7      | Found a burning altar of Makhleb.
  6864 | D:7      | Reached ***** piety under Trog
  7107 | D:7      | Found a shimmering altar of Xom.
  7227 | D:7      | Found Wexuag's General Store.
  7246 | D:7      | Bought 2 scrolls of teleportation for 72 gold pieces
  7286 | D:7      | Noticed Harold
  7295 | D:7      | Killed Harold
  7296 | D:7      | Reached skill level 8 in Axes
  7690 | D:8      | Found a staircase to the Lair.
  7690 | D:8      | Noticed an elephant
  7722 | D:8      | Killed an elephant
  7723 | D:8      | Reached skill level 9 in Axes
  7730 | D:8      | Reached XP level 10. HP: 85/85 MP: 10/10
  7889 | D:8      | Reached skill level 10 in Fighting
  8322 | D:8      | Found a runed translucent gate.
  8322 | D:8      | Found a runed translucent gate.
  8322 | D:8      | Found a runed translucent gate.
  8322 | D:8      | Noticed zeramoth's ghost (novice MiBe)
  8322 | D:8      | Noticed vurker's ghost (novice GnEn)
  8322 | D:8      | Noticed MoonlitKnight's ghost (novice MfGl)
  8593 | D:9      | Reached skill level 10 in Axes
  9031 | D:9      | Found a radiant altar of Vehumet.
  9378 | D:10     | Entered Level 10 of the Dungeon
  9386 | D:10     | Received a gift from Trog
  9619 | D:10     | Reached skill level 11 in Axes
  9651 | D:10     | Found a staircase to the Orcish Mines.
  9815 | D:10     | Noticed Snorg
  9824 | D:10     | Killed Snorg
  9908 | D:10     | Found a white marble altar of Elyvilon.
  9910 | D:10     | Noticed an angel
  9911 | D:10     | Found Dengekhu's Hallowed Reliquary.
  9916 | D:10     | Noticed Josephine
  9921 | D:10     | Reached skill level 12 in Axes
  9921 | D:10     | Gained mutation: You are completely covered in large bone
                  | plates. (SH +8) [demonic ancestry]
  9921 | D:10     | Reached XP level 11. HP: 90/90 MP: 11/11
  9924 | D:10     | Killed Josephine
  9998 | D:10     | Bought a potion of heal wounds for 65 gold pieces
 10109 | D:10     | Found the +7 Singing Sword {vorpal, sonic wave}
 10188 | D:10     | Noticed Gastronok
 10311 | D:10     | Killed Gastronok
 10312 | D:10     | Reached skill level 13 in Axes
 10537 | D:11     | Found a flagged portal.
 10560 | Bailey   | Entered a bailey
 10776 | Bailey   | Noticed an orc knight
 11382 | Bailey   | Reached ****** piety under Trog
 11753 | D:11     | Found a portal to a secret trove of treasure.
 11962 | D:11     | Found Himojofid's Magic Scroll Emporium.
 11970 | D:11     | Bought a scroll of enchant weapon for 105 gold pieces
 11970 | D:11     | Bought a scroll of blinking for 105 gold pieces
 12178 | D:12     | Noticed a two-headed ogre
 12178 | D:12     | Noticed a two-headed ogre
 12178 | D:12     | Noticed a four-headed hydra
 12353 | D:12     | Reached skill level 14 in Axes
 12490 | D:12     | Noticed Fannar
 12490 | D:12     | Noticed a four-headed hydra
 12529 | D:12     | Killed from afar by Fannar

Illustrated notes

Levels and vault maps discovered:
D:1:      dpeg_chamrin_arrival_tetris, layout_rooms, minmay_shallow_snake_nest
D:2:      wander_river, layout_loops_corners
D:3:      lemuel_upstairs_altar, layout_basic, ashenzari_altar_1,
          chequers_ecumenical_altar_simple, serial_curves, eino_curves_01,
          eino_curves_01, uniq_terence
D:4:      layout_basic, minmay_temple_entry_hall,
          nicolae_ossuary_entry_catacombs, serial_shops, shop, minivault_25,
          minivault_4, kennysheep_generic_room_16
D:5:      layout_gridville
D:6:      layout_basic, gammafunk_temple_overflow_claw, minmay_crystal_room,
          uniq_menkaure
D:7:      layout_basic, old_standard_altar, serial_shops, shop,
          nicolae_shop_statue_plus, basic_altar, fedhas_bush_and_centaur_altar,
          uniq_harold
D:8:      layout_basic, david_lair_generic, gammafunk_ghost_cemetery,
          minmay_orc_keep
D:9:      layout_roguey, lemuel_round_altar
D:10:     old_forge, layout_rooms, zombieorc2_lemuel, nicolae_good_shop,
          uniq_gastronok, uniq_snorg, uniq_josephine
D:11:     layout_rooms, trove_entry_hex_spiral, enter_bailey_4, serial_shops,
          nicolae_shop_statue_plus
D:12:     layout_roguey, minmay_microvault, uniq_fannar

Skill      XL: |  1  2  3  4  5  6  7  8  9 10 11 |
---------------+----------------------------------+-----
Armour         | 2 3 4 |  4.0
Dodging        | 2 3 4 |  4.0
Axes           | 3 4 5 7 9 12 14 | 14.2
Fighting       | 4 6 7 9 10 | 10.0

Action                   |  1- 3 |  4- 6 |  7- 9 | 10-12 || total
-------------------------+-------+-------+-------+-------++-------
Melee: Hand axe          |   122 |    68 |       |       ||   190
       Kick              |    20 |    66 |   145 |   126 ||   357
       War axe           |       |   134 |   398 |   169 ||   701
       Battleaxe         |       |       |       |   229 ||   229
Invok: Berserk           |     1 |     2 |     1 |     6 ||    10
       Trog's Hand       |       |       |     2 |     2 ||     4
  Use: Scroll            |       |     1 |     2 |     7 ||    10
 Stab: Sleeping          |     1 |       |       |       ||     1
Armor: Animal skin       |    44 |    10 |       |       ||    54
       Scale mail        |       |    56 |    56 |       ||   112
       Plate armour      |       |       |    98 |   180 ||   278
Dodge: Dodged            |    86 |   137 |   216 |   240 ||   679
Block: Other             |     8 |    54 |   111 |   141 ||   314

Table legend: (Time is in decaauts)
 A = Elapsed time spent in this place.
 B = Non-inter-level travel time spent in this place.
 C = Inter-level travel time spent in this place.
 D = Time resting spent in this place.
 E = Time spent auto-exploring this place.
 F = Levels seen in this place.
 G = Mean time per level.
                   A        B        C        D        E       F      G
               +--------+--------+--------+--------+--------+-----+--------+
         Total |  12850 |  12397 |    453 |   2683 |   7068 |  14 |  917.9 |
       Dungeon |  11292 |  10839 |    453 |   1913 |   6803 |  12 |  941.0 |
       Ossuary |    606 |    606 |      0 |    141 |    207 |   1 |  606.0 |
        Bailey |    951 |    951 |      0 |    628 |     58 |   1 |  951.0 |
               +--------+--------+--------+--------+--------+-----+--------+

Top non-repeatable levels by time:
     D:2: 1434 daAuts
     D:4: 1134 daAuts
     D:8: 1113 daAuts
     D:9: 1095 daAuts
     D:5: 1087 daAuts
     D:1: 988 daAuts
  Bailey: 951 daAuts
    D:11: 942 daAuts
    D:10: 888 daAuts
     D:3: 828 daAuts
     D:7: 808 daAuts
     D:6: 787 daAuts
 Ossuary: 606 daAuts
    D:12: 184 daAuts
